 Dungeon Crawl Stone Soup version 0.20-a0-1126-g0f15420 (webtiles) character file.

1194 4thArraOfDagon the Ruffian (level 8, 0/85 HPs)
             Began as a Troll Transmuter on May 17, 2017.
             Slain by a gnoll
             ... wielding a +0 halberd
              (10 damage)
             ... on level 7 of the Dungeon.
             The game lasted 00:05:59 (938 turns).

4thArraOfDagon the Ruffian (Troll Transmuter)        Turns: 938, Time: 00:06:01

Health: 0/85       AC:  5    Str: 19    XL:     8   Next: 20%
Magic:  9/10       EV: 10    Int: 11    God:
Gold:   106        SH:  0    Dex:  8    Spells: 4/11 levels left

rFire    . . .     SeeInvis .     - Unarmed
rCold    . . .     Gourm    +   (no shield)
rNeg     . . .     Faith    .   b - +0 robe
rPois    .         Spirit   .   (helmet restricted)
rElec    .         Reflect  .   (no cloak)
rCorr    .         Harm     .   (gloves unavailable)
MR       .....     Rnd*Tele +   (boots unavailable)
Stlth    +.........             (no amulet)
Regen    0.7/turn               i - ring of wizardry
MPRegen  0.2/turn               (no ring)

@: no status effects
A: unfitting armour, claws 3, blurry vision 1, clumsy 1, fast metabolism 3,
gourmand, regeneration 1, robust 1, shaggy fur 1, teleportitis 1, tough skin 2,
wild magic 1
a: no special abilities


You were on level 7 of the Dungeon.
You were hungry.

You visited 1 branch of the dungeon, and saw 7 of its levels.

You collected 106 gold pieces.

Inventory:

Missiles
 a - 14 arrows
Armour
 b - a +0 robe (worn)
Jewellery
 i - a ring of wizardry (left claw)
Wands
 k - a wand of polymorph (14/24)
 m - a wand of disintegration (13/24)
Scrolls
 j - a scroll of remove curse
Potions
 e - 2 potions of heal wounds
 f - a potion of lignification
 h - a potion of might
Books
 c - a book of Changes

   Spells                             Type                      Level
   a - Beastly Appendage              Transmutation                1
   b - Sticks to Snakes               Transmutation                2
   c - Spider Form                    Transmutation/Poison         3
   d - Ice Form                       Ice/Transmutation            4
   e - Blade Hands                    Transmutation                5
Comestibles
 d - 3 bread rations
 g - a royal jelly


   Skills:
 + Level 4.1 Fighting
 - Level 2.2 Dodging
 * Level 7.8 Unarmed Combat
 + Level 2.0 Spellcasting
 + Level 2.4 Transmutations


You had 4 spell levels left.
You knew the following spells:

 Your Spells              Type           Power        Failure   Level  Hunger
a - Beastly Appendage     Tmut           #.....       6%          1    ##.....
b - Sticks to Snakes      Tmut           #.......     9%          2    ###....
c - Ice Form              Ice/Tmut       #.......     61%         4    #####..


Dungeon Overview and Level Annotations

Branches:
Dungeon (7/15)             Temple (0/1) D:7

Altars:
Elyvilon
Wu Jian


Innate Abilities, Weirdness & Mutations

You are too large for most types of armour.
You have claws for hands.
Your metabolism is lightning-fast.
You like to eat raw meat.
Your natural rate of healing is unusually fast.
You are covered in fur. (AC +1)
You have very tough skin. (AC +2)
Scrolls take you a little longer to read.
You are clumsy. (Dex -2)
You are robust. (+10% HP)
You are occasionally teleported next to monsters.
Your spells are a little harder to cast, but a little more powerful.


Message History

You feel a lot more hungry.
As you read the scroll labeled KAHAUBB TORIAZXO, it crumbles to dust.
You feel aware of your surroundings.
It was a scroll of magic mapping.
Unknown command.
You claw the hungry ghost!
The hungry ghost is moderately damaged.
The hound skeleton closely misses you. The gnoll barely misses you.
The gnoll misses you.
Unknown command.
You claw the hungry ghost!
The hungry ghost is severely damaged.
The hungry ghost hits you.
You are feeling hungry.
The hound skeleton misses you.
The gnoll hits you from afar with a spear.
* * * LOW HITPOINT WARNING * * *
You scratch the hungry ghost.
The hungry ghost is severely damaged.
The gnoll hits you from afar with a halberd!
You die...

,**,* #..#**.# #(#*******
..,,*****..# #.# #O##..,,,,
.**,,,,,,..# #.# #.##.#**,,
##**,**###.# #.# ####O##.# *,*
.,#*,,,,..[# #.# #....##.# *,*
#.#***,*##.###<# #O#####.###,*
#.##*,**#...##.# #.# #....,,*
....,,*##.#...g######.####.(#****
.####,*#....#.gW@ZoOoO†.##.<#
..a....a...##.#######.#...))#
.######.>.###.# *#.####.##**** .#
##.## #.# #............# .# #.#
#.# #..####.####.# ,#
*#.#**#.#****#..# #.# *,*
,******...,,...,,,,...# #.# *,*
,,,,,,<...,,..#****#.## #.# *,*
,******,,***,,* #.* #.# *,*


You could see a hungry ghost, 2 ogres, 2 gnolls, 2 orcs and a hound skeleton.

Vanquished Creatures
  Prince Ribbit (D:6)
  Duvessa (D:6)
  A sky beast (D:7)
  A black bear (D:7)
  An ogre (D:6)
  A centaur (D:7)
  A necrophage (D:5)
  A big kobold (D:7)
  Dowan (D:6)
  A scorpion (D:6)
  2 crimson imps
  A bullfrog zombie (D:6)
  A jelly (D:7)
  A hound (D:7)
  An iguana (D:6)
  2 worker ants (D:7)
  A worker ant zombie (D:6)
  2 gnolls (D:7)
  An ooze (D:3)
  An adder zombie (D:6)
  A dart slug (D:1)
  A leopard gecko (D:1)
  3 orcs
  A bat (D:2)
  2 hobgoblins
  4 jackals
  4 kobolds
  A quokka (D:6)
  2 frilled lizards (D:3)
42 creatures vanquished.

Vanquished Creatures (collateral kills)
  An orc (D:7)
1 creature vanquished.

Grand Total: 43 creatures vanquished

Notes
Turn   | Place    | Note
-------+----------+-------------------------------------------
     0 | D:1      | 4thArraOfDagon the Troll Transmuter began the quest for the Orb.
     0 | D:1      | Reached XP level 1. HP: 18/18 MP: 1/1
    20 | D:1      | Reached skill level 1 in Fighting
    62 | D:2      | Found an ornate altar of the Wu Jian Council.
    78 | D:2      | Found a white marble altar of Elyvilon.
   114 | D:3      | Reached XP level 2. HP: 27/27 MP: 2/2
   246 | D:5      | Entered Level 5 of the Dungeon
   313 | D:5      | Noticed a necrophage
   325 | D:5      | Killed a necrophage
   325 | D:5      | Reached skill level 4 in Unarmed Combat
   325 | D:5      | Reached XP level 3. HP: 31/35 MP: 3/3
   325 | D:5      | Reached XP level 4. HP: 38/42 MP: 4/4
   372 | D:5      | Learned a level 2 spell: Sticks to Snakes
   416 | D:6      | Reached XP level 5. HP: 48/49 MP: 5/5
   482 | D:7      | Noticed a black bear
   502 | D:7      | Reached skill level 5 in Unarmed Combat
   526 | D:7      | Noticed an ogre
   561 | D:7      | Noticed a sky beast
   589 | D:6      | Noticed Dowan
   590 | D:6      | Noticed Duvessa
   601 | D:6      | Noticed an ogre
   650 | D:6      | Noticed Prince Ribbit
   673 | D:6      | Killed Prince Ribbit
   673 | D:6      | Reached skill level 6 in Unarmed Combat
   673 | D:6      | Reached XP level 6. HP: 61/61 MP: 2/6
   679 | D:6      | Reached XP level 7. HP: 67/67 MP: 3/7
   689 | D:6      | Killed Duvessa
   689 | D:6      | Reached skill level 7 in Unarmed Combat
   700 | D:6      | Killed Dowan
   783 | D:6      | Learned a level 4 spell: Ice Form
   864 | D:7      | Reached XP level 8. HP: 56/78 MP: 6/9
   871 | D:7      | Gained mutation: Scrolls take you a little longer to read. [mutagenic meat]
   872 | D:7      | Gained mutation: You are clumsy. (Dex -2) [mutagenic meat]
   873 | D:7      | Gained mutation: You are robust. (+10% HP) [mutagenic meat]
   874 | D:7      | Gained mutation: Your spells are a little harder to cast, but a little more powerful. [mutagenic meat]
   875 | D:7      | Gained mutation: You are occasionally teleported next to monsters. [mutagenic meat]
   938 | D:7      | Slain by a gnoll

Vault maps used:
D:1:      elethiomel_arrival_quiet, hangedman_decor_clover_reticule
D:2:      lemuel_round_altar, nicolae_ru_awakened_eye, elyvilon_altar_5,
          uniq_terence
D:3:      first_bread
D:4:      minitemple, kennysheep_generic_room_13, uniq_ijyb
D:5:      hex_medium
D:6:      kennysheep_little_box, basic_altar, uniq_pikel, uniq_prince_ribbit1,
          uniq_crazy_yiuf_cottage, uniq_menkaure, uniq_edmund, uniq_sigmund,
          uniq_duvessa
D:7:      wad_pebble_path, minmay_temple_entry_butterflies, uniq_joseph

Skill      XL: |  1  2  3  4  5  6  7  8 |
---------------+-------------------------+-----
Fighting       | 1 2 3 4 |  4.1
Dodging        | 2 |  2.2
Unarmed Combat | 4 6 7 |  7.8
Transmutations | 2 |  2.4
Spellcasting   | 2 |  2.0

Action                   |  1- 3 |  4- 6 |  7- 9 || total
-------------------------+-------+-------+-------++-------
Melee: Unarmed           |    43 |    37 |    62 ||   142
       Punch             |       |     1 |     2 ||     3
 Cast: Sticks to Snakes  |       |     6 |     2 ||     8
  Use: Scroll            |     4 |     1 |     1 ||     6
       Potion            |       |     3 |     1 ||     4
  Eat: Chunk             |     7 |     3 |     8 ||    18
Armor: Robe              |    26 |    15 |    25 ||    66
       Skin              |       |    16 |    10 ||    26
Dodge: Dodged            |    41 |    37 |    44 ||   122
